 Dungeon Crawl Stone Soup version 0.14.0-26-g1682e81 (webtiles) character file.

5032 Heini the Cleaver (level 10, -1/90 HPs)
             Began as a Hill Orc Fighter on Apr 27, 2014.
             Was an Elder of Okawaru.
             Slain by an orc knight
             ... wielding a +0,+0 halberd
              (14 damage)
             ... in a bailey.
             The game lasted 00:33:32 (6696 turns).

Heini the Cleaver (Hill Orc Fighter)                Turns: 6696, Time: 00:33:32

HP  -1/90        AC 22     Str 23      XL: 10   Next: 41%
MP  10/11        EV  6     Int  8      God: Okawaru [****..]
Gold 435         SH 23     Dex 10      Spells:  0 memorised,  9 levels left

rFire  . . .     SeeInvis .     a - +1 war axe
rCold  . . .     Clarity  .     u - +2 plate armour {rPois}
rNeg   . . .     Conserve .     c - +0 shield
rPois  +         rCorr    .     (no helmet)
rElec  .         rRot     .     (no cloak)
SustAb . .       Spirit   .     C - +2 pair of gloves
rMut   .         Warding  .     (no boots)
Saprov + . .     Stasis   .     (no amulet)
MR     .....                    (no ring)
                                (no ring)

@: invisible, heroism, not resistant to hostile enchantments, extremely
unstealthy
A: saprovore 1
a: Heroism, Renounce Religion


You were in a bailey.
You worshipped Okawaru.
Okawaru was greatly pleased with you.
You were not hungry.

You visited 2 branches of the dungeon, and saw 8 of its levels.
You also visited: Sewer and Bailey.

You collected 435 gold pieces.

Inventory:

Hand weapons
 a - a +1,+1 war axe (weapon)
Armour
 c - a +0 shield (worn)
 u - a +2 plate armour of poison resistance (worn)
 C - a +2 pair of gloves (worn)
Magical devices
 b - a wand of enslavement (17)
 m - a wand of magic darts (16)
 D - a wand of fireball (0)
Comestibles
 d - 3 meat rations
 l - a cheese
 n - 2 apples
 r - a choko
 z - 5 bread rations
 G - a rotting chunk of orc flesh
Scrolls
 s - 5 scrolls of remove curse
 x - a scroll of teleportation
 B - 2 scrolls of enchant weapon II
 E - 4 scrolls of identify
 F - a scroll of noise {unknown}
Jewellery
 e - an uncursed ring of fire
 A - an uncursed amulet of stasis {unknown}
Potions
 f - 11 potions of curing
 g - 3 potions of restore abilities
 i - a potion of invisibility
 j - 2 potions of haste
 o - 2 potions of resistance {unknown}
 p - 2 potions of flight
 q - a potion of experience {unknown}
 w - a potion of lignification {unknown}
Books
 h - a book of Burglary

   Spells                             Type                      Level
   Apportation                        Translocation                1
   Swiftness                          Charms/Air                   2
   Passwall                           Transmutation/Earth          3
   Passage of Golubria                Translocation                4
   Lee's Rapid Deconstruction         Earth                        5
   Darkness                           Hexes                        7
 t - a book of Alchemy

   Spells                             Type                      Level
   Lethal Infusion                    Charms/Necromancy            2
   Sublimation of Blood               Necromancy                   2
   Condensation Shield                Ice                          4
   Petrify                            Transmutation/Earth          4
   Ignite Poison                      Fire/Transmutation           5
 y - a book of Maledictions

   Spells                             Type                      Level
   Corona                             Hexes                        1
   Sure Blade                         Hexes/Charms                 2
   Ensorcelled Hibernation            Hexes/Ice                    2
   Confuse                            Hexes                        3
   Enslavement                        Hexes                        4
   Invisibility                       Hexes                        6


   Skills:
 * Level 8.7(13.7) Fighting
 * Level 13.7(18.7) Axes
 * Level 9.1(14.1) Armour
 - Level 0.5(5.5) Dodging
 - Level 3.4(8.4) Shields
 + Level 1.0 Invocations
 + Level 0.7 Evocations


You had 9 spell levels left.
You didn't know any spells.

Dungeon Overview and Level Annotations

Branches:
Dungeon (7/15)             Temple (1/1) D:4

Altars:
Cheibriados
Dithmenos
Elyvilon
Kikubaaqudgha
Okawaru
Xom

Shops:
D:5 :


Innate Abilities, Weirdness & Mutations

You can tolerate rotten meat.


Message History

The orc knight hits you but does no damage.
You block the orc's attack. You block the orc knight's attack.
The orc knight hits you with a halberd.
You hit something. You closely miss the orc knight.
The orc knight is moderately wounded.
You hit the orc knight.
The orc knight is lightly wounded.
You hit the orc knight.
The orc knight is almost dead.
Something hits you but does no damage.
The orc warrior hits you from afar with a glaive!
The orc knight hits you with a glowing glaive!
* * * LOW HITPOINT WARNING * * *
Read which item? (? for menu, Esc to quit)
Okay, then.
Drink which item? (? for menu, Esc to quit)
You fade into invisibility!
The orc barely misses you. Something hits you but does no damage.
The orc knight hits you with a halberd!
You die...

#### ####### ###
.....###.....#########..
......'.......#.....#...
......'.......'.....'...
......o'o......))....'...
......oo@......))....'...
......ooo......#.....#...
......###.....#########..
#### ####### ###


You could see 3 orc knights, an orc warrior and 3 orcs.

Vanquished Creatures
  2 orc knights (Bailey)
  A two-headed ogre (D:7)
  A hungry ghost (D:7)
  The ghost of Heini the Covered, an average HOFi (D:4)
  A hippogriff (D:7)
  8 orc warriors
  3 centaurs
  6 ogres
  A giant frog (D:6)
  3 scorpions
  4 wights (D:5)
  4 killer bees (D:5)
  A vampire bat (D:4)
  5 crimson imps
  2 goliath beetles
  2 hounds
  A jelly (D:7)
  2 orc priests
  2 giant frog skeletons
  4 orc wizards
  3 worker ants
  An iguana (D:4)
  Ijyb (D:5)
  13 adders
  3 gnolls (D:2)
  A worm zombie (D:5)
  A shadow imp (D:5)
  6 giant mites
  2 worms
  An adder zombie (D:6)
  2 orc skeletons
  A giant eyeball (D:7)
  3 giant geckos
  48 orcs
  2 spectral bats (D:4)
  3 bat skeletons (D:4)
  A bat zombie (D:4)
  3 fire bats (D:4)
  12 giant cockroaches
  5 goblins
  10 hobgoblins
  4 jackals (D:4)
  3 quokkas
  3 ball pythons
  19 bats
  A bat simulacrum (D:4)
  6 giant newts
  A goblin skeleton (D:5)
  5 kobolds
  An orc zombie (D:5)
  12 rats
  A ballistomycete (D:6)
232 creatures vanquished.

Vanquished Creatures (others)
  A giant spore (D:6)
1 creature vanquished.

Grand Total: 233 creatures vanquished

Notes
Turn   | Place    | Note
--------------------------------------------------------------
     0 | D:1      | Heini, the Hill Orc Fighter, began the quest for the Orb.
     0 | D:1      | Reached XP level 1. HP: 19/19 MP: 1/1
   290 | D:1      | Reached XP level 2. HP: 24/27 MP: 2/2
   386 | D:1      | Found an iron altar of Okawaru.
   392 | D:1      | Became a worshipper of Warmaster Okawaru
   819 | D:2      | Reached skill level 4 in Fighting
   819 | D:2      | Reached XP level 3. HP: 19/33 MP: 3/3
  1022 | D:2      | Reached XP level 4. HP: 39/41 MP: 4/4
  1804 | D:3      | Reached XP level 5. HP: 36/47 MP: 5/5
  2250 | D:4      | Reached skill level 5 in Axes
  2365 | D:4      | Reached XP level 6. HP: 51/55 MP: 6/6
  2395 | D:4      | Found a staircase to the Ecumenical Temple.
  2461 | D:4      | Noticed Heini's ghost (average HOFi)
  2473 | D:4      | Killed Heini's ghost
  2473 | D:4      | Acquired Okawaru's first power
  2473 | D:4      | Reached skill level 5 in Fighting
  2473 | D:4      | Reached skill level 6 in Axes
  2473 | D:4      | Reached skill level 5 in Armour
  2605 | D:4      | Reached XP level 7. HP: 57/61 MP: 7/7
  2683 | D:4      | Reached skill level 7 in Axes
  2709 | D:4      | Noticed an ogre
  2725 | D:4      | Killed an ogre
  3089 | D:4      | Noticed an ogre
  3102 | D:4      | Killed an ogre
  3319 | Temple   | Entered the Ecumenical Temple
  3387 | D:4      | Reached skill level 8 in Axes
  3445 | D:5      | Entered Level 5 of the Dungeon
  3445 | D:5      | Found a glowing drain.
  3448 | D:5      | Noticed Ijyb
  3484 | D:5      | Killed Ijyb
  3515 | Sewer    | Entered a sewer
  3712 | Sewer    | Reached XP level 8. HP: 69/69 MP: 8/8
  4137 | D:5      | Found Kaawaaj's Book Shop.
  4149 | D:5      | Reached skill level 9 in Axes
  4681 | D:5      | Reached skill level 10 in Axes
  4955 | D:6      | Reached XP level 9. HP: 73/78 MP: 9/9
  5051 | D:6      | Reached skill level 11 in Axes
  5670 | D:6      | Found an ancient bone altar of Kikubaaqudgha.
  5789 | D:7      | Reached skill level 12 in Axes
  5804 | D:7      | Paralysed by a giant eyeball for 4 turns
  6043 | D:7      | Found a flagged portal.
  6054 | Bailey   | Entered a bailey
  6159 | Bailey   | Reached XP level 10. HP: 35/88 MP: 11/11
  6170 | Bailey   | Reached skill level 1 in Invocations
  6173 | Bailey   | Reached skill level 13 in Axes
  6405 | Bailey   | Noticed an orc knight
  6405 | Bailey   | Noticed an orc knight
  6438 | Bailey   | Killed an orc knight
  6441 | Bailey   | Killed an orc knight
  6674 | Bailey   | Noticed an orc knight
  6674 | Bailey   | Noticed an orc knight
  6680 | Bailey   | Noticed an orc knight
  6696 | Bailey   | Slain by an orc knight

Action                   |  1- 3 |  4- 6 |  7- 9 | 10-12 || total
-------------------------+-------+-------+-------+-------++-------
Melee: War axe           |    85 |   184 |   559 |    54 ||   882
Invok: Heroism           |       |       |     3 |     2 ||     5
Evoke: Wand              |       |       |     6 |       ||     6
  Use: Potion            |     1 |     1 |     3 |     4 ||     9
       Scroll            |       |     5 |    11 |       ||    16
 Stab: Distracted        |       |       |     1 |       ||     1
       Invisible         |       |       |       |    14 ||    14
